 Dungeon Crawl Stone Soup version 0.29.1-1-gd02db69 (webtiles) character file.

Game seed: 8523074534713749261

368 Ayyar the Digger (level 6, -6/33 (35) HPs)
             Began as a Gargoyle Earth Elementalist on May 3, 2023.
             Killed by divine providence
             ... invoked by an orc priest
              (9 damage)
             ... on level 4 of the Dungeon.
             The game lasted 00:22:50 (5286 turns).

Ayyar the Digger (Gargoyle Earth Elementalist)      Turns: 5286, Time: 00:22:50

HP:   -6/33 (35)    AC: 11    Str: 14    XL:     6   Next: 69%
MP:   4/11          EV: 11    Int: 15    God:
Gold: 223           SH:  0    Dex: 10    Spells: 11/12 levels left

rFire   . . .      SeeInvis .   y - staff of earth
rCold   . . .      Faith    .   (no shield)
rNeg    + . .      Spirit   .   o - +0 acid dragon scales
rPois   ∞          Reflect  .   w - +0 helmet
rElec   +          Harm     .   (no cloak)
rCorr   +          Rampage  .   (no gloves)
Will    .....                   (no boots)
Stlth   ++........              (no amulet)
HPRegen 0.11/turn               (no ring)
MPRegen 0.12/turn               (no ring)

@: attractive, drained
A: sickness immunity, AC +4, negative energy resistance 1, electricity
resistance, torment resistance 1, petrification resistance
a: no special abilities


You were on level 4 of the Dungeon.
You visited 1 branch of the dungeon, and saw 4 of its levels.
You also visited: Sewer.

You collected 223 gold pieces.

Inventory:

Hand Weapons
 v - a +0 whip of flaming
Missiles
 c - 31 stones
Armour
 o - +0 acid dragon scales (worn)
 w - a +0 helmet (worn)
Magical Staves
 u - a staff of fire
 y - a staff of earth (weapon)
Wands
 n - a wand of flame (9)
 p - a wand of charming (8)
Scrolls
 a - a scroll of fog {unknown}
 d - a scroll of blinking {unknown}
 f - 2 scrolls of summoning {unknown}
 i - a scroll of teleportation {unknown}
 j - 2 scrolls of vulnerability {unknown}
 k - a scroll of fear {unknown}
 m - 2 scrolls of noise {unknown}
 r - a scroll of immolation {unknown}
 s - 2 scrolls of poison {unknown}
 t - 4 scrolls of identify {unknown}
Potions
 b - a potion of magic
 g - 5 potions of flight
 h - a potion of might
 l - 2 potions of mutation
 q - a potion of cancellation
 x - a potion of lignification {unknown}
 z - a potion of attraction


   Skills:
 + Level 2.1 Fighting
 + Level 0.0 Staves
 + Level 2.5 Dodging
 + Level 3.6 Stealth
 * Level 3.7 Spellcasting
 + Level 2.1 Transmutations
 + Level 4.6 Earth Magic
 + Level 0.0 Evocations


You had 11 spell levels left.
You knew the following spells:

 Your Spells              Type           Power      Damage    Failure   Level
a - Sandblast             Erth           50%        2d12      4%          1

Your spell library contained the following spells:

 Spells                   Type           Power      Damage    Failure   Level
 Passwall                 Tmut/Erth      15%        N/A       10%         2
 Stone Arrow              Conj/Erth      28%        3d8       30%         3
 Petrify                  Tmut/Erth      19%        N/A       54%         4
 Olgreb's Toxic Radiance  Pois           2%         N/A       95%         4
 Ozocubu's Refrigeration  Ice            1%         4d7       100%        7
 Ignition                 Fire           1%         3d3       100%        8


Dungeon Overview and Level Annotations

Branches:
Dungeon (4/15)              Sewer (visited)
 Temple: D:4-7

Altars:
The Shining One


Innate Abilities, Weirdness & Mutations

You are immune to sickness and miasma.
Your stone body is resilient. (AC +4)
You are immune to poison.
You resist negative energy. (rN+)
You are resistant to electric shocks. (rElec)
You are resistant to unholy torment.
You are immune to petrification.


Message History

The orc is almost dead.
The orc priest miscasts a cantrip.
The orc hits you with a +0 whip. The orc hits you but does no damage.
The orc priest mumbles some strange prayers to Beogh against you.
Beogh smites you!
* * * LOW HITPOINT WARNING * * *
The orc attacks as you move away! The orc hits you but does no damage.
The orc priest casts a cantrip, but nothing happens.
The orc attacks as you move away! The orc misses you.
It was a potion of cancellation.
You feel magically purged. The orc barely misses you.
It was a potion of attraction.
You feel attractive to monsters. The orc misses you.
The orc priest looks braver for a moment.
You feel better. The orc barely misses you.
Aiming: Sandblast (safe; 4% risk of failure)
Press: ? - help, Q - select action, (/) - cycle Shift-Dir - straight line, f/p - orc priest
Aim: an orc priest, wielding a +0 falchion of holy wrath and wearing a +0 ring mail (almost dead, 85% to hit)
You feel a surge of power!
The blast of sand hits the orc!!
You kill the orc!
The orc priest calls down the wrath of Beogh upon you.
Beogh smites you!
* * * LOW HITPOINT WARNING * * *
The orc priest casts a cantrip, but nothing happens.
The orc hits you but does no damage.
Aiming: Sandblast (safe; 4% risk of failure)
Press: ? - help, Q - select action, (/) - cycle Shift-Dir - straight line, f/p - orc priest
Aim: an orc priest, wielding a +0 falchion of holy wrath and wearing a +0 ring mail (almost dead, 85% to hit)
You feel a surge of power!
The blast of sand hits the orc!
You kill the orc!
The orc priest is attracted toward you.
Aiming: Sandblast (safe; 4% risk of failure)
Press: ? - help, Q - select action, (/) - cycle Shift-Dir - straight line, f/p - orc priest
Aim: an orc priest, wielding a +0 falchion of holy wrath and wearing a +0 ring mail (almost dead, 85% to hit)
You feel a surge of power!
The blast of sand hits the orc!
You kill the orc!
The orc priest mumbles some strange prayers to Beogh against you.
Beogh smites you!
You die...

#.# #... #.# ##.##
#####.############.#.#
..o#........<....###.
###.#.#..#.#######.#.#
#....§.....# ##.##
#.#.#o#..### #.# ###
#.#.#)#..# #.# ..#
#.#.#@#..## ######.## #.#
#.#.#.....# #........ #.#
#.#.###...# #.####..# #.#
#...###...####.# #..#
#.####.###.#.......#....#
#..#
#............####..#.####
#..# ######.####.##
#.....######..# #.# #.#
#.............#
#.####.######....#######.#


You could see an orc priest.

Vanquished Creatures
  An orc priest (D:3)
  Jessica (D:2)
  An orc wizard (D:3)
  3 gnolls (D:3)
  12 adders
  3 river rats (Sewer)
  A worm (Sewer)
  2 dart slugs
  6 orcs (D:4)
  15 ball pythons
  7 endoplasms
  7 giant cockroaches
  9 goblins
  5 hobgoblins
  9 jackals
  6 kobolds
  4 quokkas
  13 bats
  5 frilled lizards
  4 rats
114 creatures vanquished.

Vanquished Creatures (others)
  A river rat (Sewer)
1 creature vanquished.

Grand Total: 115 creatures vanquished

Notes
Turn   | Place    | Note
-------+----------+-------------------------------------------
     0 | D:1      | Ayyar the Gargoyle Earth Elementalist began the quest for
                  | the Orb.
     0 | D:1      | Reached XP level 1. HP: 10/10 MP: 3/3
   161 | D:1      | Reached skill level 1 in Transmutations
   161 | D:1      | Reached XP level 2. HP: 15/15 MP: 3/5
   981 | D:1      | Reached XP level 3. HP: 20/20 MP: 4/6
  1082 | D:2      | Found a glowing golden altar of the Shining One.
  1754 | D:2      | Noticed Jessica
  1768 | D:2      | Killed Jessica
  1769 | D:2      | Reached skill level 1 in Fighting
  1769 | D:2      | Reached skill level 4 in Earth Magic
  1769 | D:2      | Reached XP level 4. HP: 15/25 MP: 3/8
  2343 | D:3      | Reached XP level 5. HP: 23/29 MP: 0/9
  2395 | D:3      | Found a glowing drain.
  2479 | Sewer    | Entered a sewer
  2654 | Sewer    | HP: 1/30 [river rat (4)]
  3026 | Sewer    | Reached XP level 6. HP: 26/35 MP: 7/11
  5286 | D:4      | Killed from afar by an orc priest

Illustrated notes

Levels and vault maps discovered:
D:1:      dpeg_arrival_arbitrary_a, layout_loops_corners
D:2:      kb_forest_paths, layout_basic, basic_altar, uniq_jessica
D:3:      layout_loops_ring, gup_sewer_entry_glass,
          minmay_misc_feat_more_columns
D:4:      layout_loops_ring, lemuel_blue_sif_altar, uniq_ijyb,
          uniq_blork_the_orc

Skill      XL: |  1  2  3  4  5  6 |
---------------+-------------------+-----
Transmutations | 1 2 |  2.1
Fighting       | 1 2 |  2.1
Dodging        | 2 |  2.5
Earth Magic    | 4 |  4.6
Spellcasting   | 3 |  3.7
Stealth        | 3 |  3.6

Action                   |  1- 3 |  4- 6 || total
-------------------------+-------+-------++-------
Melee: Unarmed           |     2 |       ||     2
       Whip              |    11 |    72 ||    83
       Staff             |       |     6 ||     6
 Cast: Sandblast         |    47 |   116 ||   163
Evoke: Wand              |       |     3 ||     3
  Use: Potion            |       |     7 ||     7
 Stab: Sleeping          |       |     1 ||     1
Armor: Robe              |     6 |       ||     6
       Acid dragon scale |     2 |   129 ||   131
Dodge: Dodged            |    15 |   146 ||   161
